 Dungeon Crawl Stone Soup version 0.24.0-7-gb3623d2c88 (webtiles) character file.

Game seed: 12927639491952444873, levelgen mode: deterministic

632 Edwards80 the Quickloader (level 7, -5/56 HPs)
             Began as a Minotaur Hunter on Nov 2, 2019.
             Was a Priest of Zin.
             Slain by a hippogriff (6 damage)
             ... on level 5 of the Dungeon.
             The game lasted 00:13:00 (3624 turns).

Edwards80 the Quickloader (Minotaur Hunter)         Turns: 3624, Time: 00:13:00

Health: -5/56      AC:  9    Str: 16    XL:     7   Next: 24%
Magic:  6/6        EV: 10    Int:  8    God:    Zin [***...]
Gold:   247        SH:  0    Dex: 13    Spells: 6/6 levels left

rFire    . . .     SeeInvis .   a - +1 hand crossbow
rCold    . . .     Gourm    .   (no shield)
rNeg     . . .     Faith    .   j - +0 scale mail
rPois    .         Spirit   .   (helmet restricted)
rElec    .         Reflect  .   p - +2 cloak
rCorr    .         Harm     .   (no gloves)
MR       .....                  (no boots)
Stlth    ..........             (no amulet)
HPRegen  0.18/turn              (no ring)
MPRegen  0.10/turn              (no ring)

@: no status effects
A: retaliatory headbutt, horns 2
a: Recite, Vitalisation, Imprison, Donate Gold, Renounce Religion


You were on level 5 of the Dungeon.
You worshipped Zin.
Zin was most pleased with you.
You were not hungry.

You visited 1 branch of the dungeon, and saw 5 of its levels.

You collected 274 gold pieces.
You donated 27 gold pieces to Zin.

Inventory:

Hand Weapons
 a - a +1 hand crossbow (weapon)
 b - a +0 short sword
Missiles
 d - 79 bolts (quivered)
 h - a throwing net
Armour
 j - a +0 scale mail (worn)
 p - a +2 cloak (worn)
Scrolls
 c - 2 scrolls of identify {unknown}
 e - a scroll of immolation {unknown}
 g - 3 scrolls of teleportation {unknown}
 i - a scroll of enchant weapon {unknown}
 l - a scroll of random uselessness {unknown}
 t - 3 scrolls of remove curse {unknown}
 v - 3 scrolls of fog {unknown}
 w - a scroll of torment {unknown}
 y - a scroll of enchant armour {unknown}
 B - a scroll of noise {unknown}
Potions
 k - a potion of heal wounds {unknown}
 m - 2 potions of might {unknown}
 n - 2 potions of agility {unknown}
 o - a potion of brilliance {unknown}
 q - 3 potions of flight {unknown}
 r - 2 potions of haste {unknown}
 s - a potion of lignification {unknown}
 u - a potion of mutation {unknown}
 x - a potion of curing {unknown}
 z - a potion of berserk rage {unknown}
 A - 2 potions of invisibility {unknown}
Comestibles
 f - 8 rations


   Skills:
 - Level 2.4 Fighting
 + Level 9.7 Crossbows
 - Level 2.1 Dodging
 - Level 0.7 Stealth


You had 6 spell levels left.
You didn't know any spells.
Your spell library was empty.

Dungeon Overview and Level Annotations

Branches:
Dungeon (5/15)
 Temple: D:4-7

Altars:
Elyvilon
Fedhas
Makhleb
Zin


Innate Abilities, Weirdness & Mutations

You reflexively headbutt those who attack you in melee.
You have a pair of horns on your head.


Message History

Press: ? - help, Shift-Dir - straight line, f/p - hippogriff
Aim: a hippogriff (almost dead)
You shoot a bolt. The bolt barely misses the hippogriff.
The hippogriff closely misses you. The hippogriff pecks you!
* * * LOW HITPOINT WARNING * * *
The hippogriff misses you.
The hound zombie bites you but does no damage.
Firing (i - inventory. (/) - cycle)
d - 80 bolts (quivered)
Press: ? - help, Shift-Dir - straight line, f/p - hippogriff
Aim: a hippogriff (almost dead)
You shoot a bolt. The bolt barely misses the hippogriff.
The hound zombie bites you but does no damage.
The hippogriff bites you.
* * * LOW HITPOINT WARNING * * *
The hippogriff pecks you but does no damage.
The hippogriff closely misses you. The hound zombie barely misses you.
The hippogriff bites you.
* * * LOW HITPOINT WARNING * * *
The hippogriff pecks you.
You die...

##### #...# #...#
#...# #....
##################
#...#
#........H.......##
#...#
#........Z@.......##
#...#
#.#############....#
##...# #.#.#.#
##.†.# #....# #..#.#
#...###.#### ##.#.#
#.#.....# #.#Z#
#......##
#...)..((.# #......#
###.##.##..
#.......# #.. #
..........


You could see a hippogriff and a hound zombie.

Vanquished Creatures
  Menkaure (D:5)
  A scorpion (D:4)
  A wight (D:5)
  2 jellies (D:5)
  An orc priest (D:3)
  2 centaur skeletons (D:4)
  2 orc wizards (D:4)
  7 adders
  5 gnolls (D:4)
  A worm (D:3)
  5 dart slugs
  7 leopard geckos
  13 orcs
  8 giant cockroaches
  8 goblins
  5 hobgoblins
  8 kobolds
  2 quokkas
  5 bats (D:3)
  2 frilled lizards
  A leopard gecko zombie (D:5)
  10 rats
  A plant (D:2)
98 creatures vanquished.

Notes
Turn   | Place    | Note
-------+----------+-------------------------------------------
     0 | D:1      | Edwards80 the Minotaur Hunter began the quest for the Orb.
     0 | D:1      | Reached XP level 1. HP: 18/18 MP: 0/0
   165 | D:1      | Reached XP level 2. HP: 25/25 MP: 1/1
   191 | D:1      | Reached skill level 5 in Crossbows
   758 | D:2      | Reached XP level 3. HP: 24/30 MP: 2/2
   895 | D:2      | Reached skill level 6 in Crossbows
   980 | D:2      | Reached XP level 4. HP: 34/37 MP: 3/3
  1301 | D:2      | Found a blossoming altar of Fedhas.
  1422 | D:2      | Found a glowing silver altar of Zin.
  1425 | D:2      | Became a worshipper of Zin the Law-Giver
  1983 | D:3      | Reached skill level 7 in Crossbows
  1983 | D:3      | Reached XP level 5. HP: 42/42 MP: 4/4
  2129 | D:3      | Reached * piety under Zin
  2688 | D:4      | Found a burning altar of Makhleb.
  2706 | D:4      | Reached ** piety under Zin
  2780 | D:4      | Reached skill level 8 in Crossbows
  2780 | D:4      | Reached XP level 6. HP: 35/50 MP: 5/5
  3024 | D:4      | Found a white marble altar of Elyvilon.
  3366 | D:5      | Entered Level 5 of the Dungeon
  3421 | D:5      | Reached *** piety under Zin
  3440 | D:5      | Noticed Menkaure
  3443 | D:5      | Killed Menkaure
  3443 | D:5      | Reached skill level 9 in Crossbows
  3443 | D:5      | Reached XP level 7. HP: 29/56 MP: 6/6
  3593 | D:5      | Noticed a hippogriff
  3624 | D:5      | HP: 1/56 [hippogriff (2)]
  3624 | D:5      | Slain by a hippogriff

Levels and vault maps discovered:
D:1:      dpeg_chamrin_arrival_tetris, layout_loops_ring
D:2:      layout_basic, fedhas_altar_3, zin_statuary
D:3:      layout_basic, first_ration, minivault_5, chequers_serial_rivers_room_b
D:4:      minmay_chambers_of_fours, layout_loops_ring, old_standard_altar,
          elyvilon_altar_1
D:5:      layout_rooms, serial_shops, nicolae_shop_behind_doors,
          minmay_hedge_maze, minmay_manual_maat, uniq_blork_the_orc,
          uniq_menkaure

Skill      XL: |  1  2  3  4  5  6 |
---------------+-------------------+-----
Crossbows      | 5 6 7 8 9 |  9.7
Fighting       | |  2.4
Dodging        | |  2.1
Stealth        | |  0.7

Action                   |  1- 3 |  4- 6 |  7- 9 || total
-------------------------+-------+-------+-------++-------
 Fire: Hand crossbow     |    84 |   137 |    29 ||   250
  Eat: Chunk             |       |     2 |       ||     2
       Ration            |       |     2 |       ||     2
Armor: Scale mail        |    16 |    16 |    13 ||    45
Dodge: Dodged            |    21 |    27 |    18 ||    66
